 Dungeon Crawl Stone Soup version 0.30-a0-879-ga8ba668304 (webtiles) character file.

Game seed: 13946914144636809726

3922 testman the Tainter (level 10, -1/75 HPs)
             Began as a Demonspawn Venom Mage on Mar 13, 2023.
             Was a Follower of Ashenzari.
             Slain by an orc warlord
             ... wielding a +4 broad axe
              (9 damage)
             ... in a bailey.
             The game lasted 00:39:48 (7391 turns).

testman the Tainter (Demonspawn Venom Mage)         Turns: 7391, Time: 00:39:49

Health: -1/75      AC: 10    Str:  9    XL:     10   Next: 1%
Magic:  9/19       EV: 13    Int: 26    God:    Ashenzari [*.....]
Gold:   348        SH:  6    Dex: 20    Spells: 8/21 levels left

rFire   + . .      SeeInvis .    K - +7 rapier of Thoughtfulness {heavy, Dex+4}
rCold   . . .      Faith    .    A - +0 buckler
rNeg    . . .      Spirit   .    D - +2 robe {rF+}
rPois   +          Reflect  .    (no helmet)
rElec   .          Rampage  .    (no cloak)
rCorr   .                        (no gloves)
Will    .....                    (no boots)
Stlth   +++                      y - amulet "Behold Eternity" {Acrobat Int+8, Cun, Self} (curse)
HPRegen 0.32/turn                E - ring of the Omniscient Sky {AC+4, Cun, Alch} (curse)
MPRegen 0.16/turn                J - ring of poison resistance

@: swift, quick
A: hooves 2, yellow scales 1, foul stench 1, demonic magic 1
a: Renounce Religion, Shatter the Chains


You were in a bailey.
You worshipped Ashenzari.
Ashenzari was aware of your devotion.
You visited 1 branch of the dungeon, and saw 7 of its levels.
You also visited: Sewer and Bailey.

You collected 348 gold pieces.

Inventory:

Hand Weapons
 K - the +7 rapier of Thoughtfulness (weapon) {heavy, Dex+4}
   (You acquired it on level 6 of the Dungeon)

   Dex:       It affects your dexterity (+4).
Missiles
 h - 4 javelins
 H - 8 poisoned darts
 M - 10 boomerangs
Armour
 a - a +0 robe
 w - a +0 troll leather armour {Pargi}
 A - a +0 buckler (worn)
 D - a +2 robe of fire resistance (worn)
Jewellery
 p - a ring of fire
 y - the cursed amulet "Behold Eternity" (around neck) {Acrobat Int+8, Cun, Self}
   (You acquired it on level 6 of the Dungeon)

   [amulet of the acrobat]

   It increases your evasion while moving and waiting.
   Int:       It affects your intelligence (+8).
   It has a curse which improves the following skills: Cunning: Dodging and
   Stealth.
   Introspection: Fighting and Spellcasting.
 E - the cursed ring of the Omniscient Sky (left hand) {AC+4, Cun, Alch}
   (You found it on level 5 of the Dungeon)

   [ring of protection]

   AC:        It affects your AC (+4).
   It has a curse which improves the following skills: Cunning: Dodging and
   Stealth.
   Alchemy:   Poison Magic and Transmutations.
 F - a ring of flight
 J - a ring of poison resistance (right hand)
Wands
 m - a wand of iceblast (14)
 r - a wand of mindburst (10)
Scrolls
 c - 2 scrolls of brand weapon
 d - a scroll of identify
 g - 6 scrolls of fog
 j - a scroll of magic mapping
 k - 2 scrolls of torment
 n - a scroll of enchant armour
 o - 3 scrolls of enchant weapon
 s - 3 scrolls of fear
 u - a scroll of butterflies
 B - a scroll of teleportation
 G - 5 scrolls of vulnerability
 I - a scroll of amnesia
 L - a scroll of blinking
Potions
 b - a potion of magic
 e - 3 potions of curing
 f - 6 potions of mutation
 i - a potion of flight
 l - 2 potions of haste
 q - a potion of ambrosia
 t - a potion of resistance
 v - 2 potions of might
 x - a potion of lignification
 z - a potion of attraction
 C - 2 potions of heal wounds
 N - a potion of brilliance
 O - a potion of invisibility


   Skills:
 + Level 4.8(5.6) Fighting
 + Level 4.6 Short Blades
 - Level 1.7(2.7) Dodging
 - Level 1.7(2.7) Stealth
 - Level 4.0 Shields
 + Level 5.4(6.3) Spellcasting
 - Level 3.0 Conjurations
 + Level 1.0 Hexes
 - Level 1.0(1.4) Transmutations
 - Level 4.3 Air Magic
 - Level 8.6(9.5) Poison Magic


You had 8 spell levels left.
You knew the following spells:

 Your Spells              Type           Power      Damage    Failure   Level
a - Sting                 Tmut/Pois      100%       1d8       1%          1
b - Poisonous Vapours     Pois/Air       88%        N/A       1%          2
c - Mephitic Cloud        Conj/Pois/Air  37%        N/A       2%          3
d - Olgreb's Toxic Radia  Pois           55%        N/A       1%          4
e - Swiftness             Air            30%        N/A       4%          3

Your spell library contained the following spells:

 Spells                   Type           Power      Damage    Failure   Level
 Apportation              Tloc           16%        N/A       9%          1
 Freeze                   Ice            32%        1d5       9%          1
 Passwall                 Tmut/Erth      10%        N/A       10%         2
 Ensorcelled Hibernation  Hex/Ice        20%        N/A       11%         2
 Dazzling Flash           Conj/Hex       36%        N/A       11%         3
 Hailstorm                Conj/Ice       16%        3d6       14%         3
 Frozen Ramparts          Ice            16%        1d3       26%         3
 Alistair's Intoxication  Tmut/Pois      24%        N/A       26%         5
 Anguish                  Hex/Necr       5%         N/A       56%         4
 Silence                  Hex/Air        11%        N/A       63%         5
 Yara's Violent Unravell  Hex/Tmut       7%         3d5       80%         5
 Summon Mana Viper        Hex/Summ       10%        N/A       88%         5
 Agony                    Necr           8%         N/A       94%         5
 Enfeeble                 Hex            6%         N/A       100%        7


Dungeon Overview and Level Annotations

Branches:
Dungeon (7/15)             Temple (0/1) D:7           Sewer (visited)
 Bailey (1/1)

Altars:
Ashenzari
Wu Jian

Shops:
D:6 :


Innate Abilities, Weirdness & Mutations

You have hoof-like feet.
You are partially covered in yellow scales. (AC +2)
You may rarely emit foul miasma when damaged in melee.
Spells you cast may paralyse adjacent enemies.


Message History

The orc warlord is heavily wounded.
The orc warlord misses you. You block the orc warlord's attack.
Aiming: Sting (safe; 1% risk of failure)
Press: ? - help, Q - select action, (/) - cycle Shift-Dir - straight line, f/p - orc warlord
Aim: an orc warlord, wielding a +4 broad axe and wearing a +0 chain mail (heavily wounded, confused, very poisoned, 95% to hit)
The sting hits the orc warlord.
The orc warlord looks even sicker.
The orc warlord is severely wounded.
Malevolent energies surge around you.
The orc warlord hits you with a +4 broad axe!!
Aiming: Sting (safe; 1% risk of failure)
Press: ? - help, Q - select action, (/) - cycle Shift-Dir - straight line, f/p - orc warlord
Aim: an orc warlord, wielding a +4 broad axe and wearing a +0 chain mail (severely wounded, confused, very poisoned, 95% to hit)
The sting hits the orc warlord.
The orc warlord looks as sick as possible!
The orc warlord is severely wounded.
Malevolent energies surge around you.
The orc warlord hits you with a +4 broad axe.
Aiming: Sting (safe; 1% risk of failure)
Press: ? - help, Q - select action, (/) - cycle Shift-Dir - straight line, f/p - orc warlord
Aim: an orc warlord, wielding a +4 broad axe and wearing a +0 chain mail (severely wounded, confused, extremely poisoned, 95% to hit)
The sting hits the orc warlord.
The orc warlord looks as sick as possible!
The orc warlord is severely wounded.
Malevolent energies surge around you.
The orc warlord seems less confused.
You block the orc warlord's attack.
Aiming: Sting (safe; 1% risk of failure)
Press: ? - help, Q - select action, (/) - cycle Shift-Dir - straight line, f/p - orc warlord
Aim: an orc warlord, wielding a +4 broad axe and wearing a +0 chain mail (severely wounded, extremely poisoned, 84% to hit)
The sting hits the orc warlord.
The orc warlord looks as sick as possible!
The orc warlord is severely wounded.
Malevolent energies surge around you.
The orc warlord hits you with a +4 broad axe!!
* * * LOW HITPOINT WARNING * * *
Casting: Sting (safe; 1% risk of failure)
Confirm with . or Enter, or press ? or * to list all spells.
You feel quick. Malevolent energies surge around you.
The orc warlord hits you with a +4 broad axe!
You die...

##..8..8...........8..8..##
#.........................#
#................)........#
#...8..)).)#'''#......8...#
##......####~~~####).....##
♣##..)).#~~~)~~~~~#†)...##♣
♣.##....#~.8)..8.~#....##.♣
♣♣..###'###..o....###'###..♣♣
♣...~~~.#~~.8.@.8.~~#.~~~...♣
♣♣...~~~.#~.........~#.~~~...♣♣
♣∩...~~).#~....∩....~#.~~~...∩♣
♣♣...~~~)##.........##.~~~...♣♣
♣...~~~.#~..8...8..~#.)~~...♣
♣♣..###'#~.........~#'###..♣♣
♣.##...#~)!8...8!"~#...##.♣
♣##....##~~#####~~##....##♣
##......####...####......##


You could see an orc warlord (extremely poisoned).

Vanquished Creatures
  Pikel (D:6)
  A steam dragon (D:7)
  Duvessa (D:5)
  2 water moccasins (D:5)
  Pargi (Sewer)
  An ice beast (D:5)
  2 sky beasts
  4 orc warriors
  The ghost of avis the Shooter, an amateur DgHu (D:3)
  An ogre (D:6)
  2 centaurs
  2 lemures (D:6)
  3 phantoms (D:6)
  A gnoll sergeant (D:7)
  2 bullfrogs
  A wyvern zombie (D:3)
  A necrophage (D:3)
  2 scorpions
  3 wights (D:6)
  Dowan (D:5)
  A howler monkey (D:4)
  3 hounds (D:6)
  A jelly (D:6)
  7 orc priests
  4 sleepcaps
  2 gnoll boudas
  3 iguanas
  4 orc wizards
  A howler monkey zombie (D:3)
  18 gnolls
  5 adders
  2 shadow imps
  A white imp (D:5)
  An ufetubus (D:4)
  5 worms
  2 dart slugs
  14 orcs
  13 bats
  10 endoplasms
  2 giant cockroaches
  9 hobgoblins
  6 jackals
  20 kobolds
  7 quokkas
  7 ball pythons
  4 frilled lizards
  9 goblins
  8 rats
202 creatures vanquished.

Vanquished Creatures (others)
  6 plants
6 creatures vanquished.

Grand Total: 208 creatures vanquished

Notes
Turn   | Place    | Note
-------+----------+-------------------------------------------
     0 | D:1      | testman the Demonspawn Venom Mage began the quest for the
                  | Orb.
     0 | D:1      | Reached XP level 1. HP: 13/13 MP: 3/3
    11 | D:1      | Reached skill level 1 in Transmutations
   182 | D:1      | Reached skill level 1 in Air Magic
   350 | D:1      | Gained mutation: You are partially covered in yellow
                  | scales. (AC +2) [demonic ancestry]
   350 | D:1      | Reached XP level 2. HP: 19/19 MP: 1/5
   482 | D:1      | Learned a level 2 spell: Poisonous Vapours
   586 | D:1      | Reached XP level 3. HP: 22/24 MP: 1/6
  1303 | D:2      | Learned a level 3 spell: Mephitic Cloud
  1409 | D:2      | Reached skill level 1 in Conjurations
  1539 | D:2      | Found a faded altar of an unknown god.
  1564 | D:2      | Got Sif Muna's Quarto of Glamour
  1633 | D:2      | Gained mutation: You have large cloven feet. [demonic
                  | ancestry]
  1633 | D:2      | Reached XP level 4. HP: 30/30 MP: 3/7
  2343 | D:3      | Noticed a necrophage
  2360 | D:3      | Found a transporter.
  2363 | D:3      | Noticed avis's ghost (amateur DgHu)
  2364 | D:3      | Found a transporter.
  2716 | D:4      | Found a glowing drain.
  2725 | Sewer    | Entered a sewer
  2854 | Sewer    | Noticed Pargi
  2869 | Sewer    | Killed Pargi
  2870 | Sewer    | Reached skill level 4 in Poison Magic
  2870 | Sewer    | Reached XP level 5. HP: 24/35 MP: 1/8
  3047 | D:4      | Reached XP level 6. HP: 16/41 MP: 5/9
  3532 | D:5      | Entered Level 5 of the Dungeon
  3532 | D:5      | Noticed an ice beast
  3556 | D:5      | Killed an ice beast
  3557 | D:5      | Reached skill level 1 in Shields
  3557 | D:5      | Reached skill level 5 in Poison Magic
  3628 | D:5      | Found a broken altar of Ashenzari.
  3629 | D:5      | Noticed Dowan
  3636 | D:5      | Noticed Duvessa
  3657 | D:5      | Noticed a water moccasin
  3682 | D:5      | Killed a water moccasin
  3683 | D:5      | Gained mutation: Spells you cast may paralyse adjacent
                  | enemies. [demonic ancestry]
  3683 | D:5      | Reached XP level 7. HP: 22/46 MP: 5/12
  3695 | D:5      | Killed Duvessa
  3810 | D:5      | Became a worshipper of Ashenzari the Shackled
  3879 | D:5      | Killed Dowan
  3984 | D:5      | Reached skill level 6 in Poison Magic
  4079 | D:4      | Learned a level 4 spell: Olgreb's Toxic Radiance
  4268 | D:5      | Reached XP level 8. HP: 46/52 MP: 10/14
  4387 | D:5      | Learned a level 3 spell: Swiftness
  4829 | D:3      | Killed avis's ghost
  5030 | D:6      | Reached skill level 5 in Spellcasting
  5280 | D:6      | Found an ornate altar of the Wu Jian Council.
  5427 | D:6      | Reached skill level 1 in Short Blades
  5431 | D:6      | Reached skill level 7 in Poison Magic
  5528 | D:6      | Identified 2 scrolls of acquirement
  5529 | D:6      | Acquired the +7 rapier of Thoughtfulness {heavy, Dex+4}
  5530 | D:6      | Acquired the amulet of Nobility {Acrobat Int+8}
  5689 | D:6      | Noticed Pikel
  5696 | D:6      | Killed Pikel
  5697 | D:6      | Gained mutation: You may rarely emit foul miasma when
                  | damaged in melee. [demonic ancestry]
  5697 | D:6      | Reached XP level 9. HP: 39/62 MP: 9/16
  6353 | D:6      | Reached skill level 8 in Poison Magic
  6613 | D:6      | Found Nigiub's Book Shoppe.
  6736 | D:6      | Reached * piety under Ashenzari
  6943 | D:7      | Found a flagged portal.
  6967 | D:7      | Found a staircase to the Ecumenical Temple.
  6976 | Bailey   | Entered a bailey
  7018 | Bailey   | Noticed an orc warlord
  7029 | Bailey   | Identified the +3 battleaxe of Pynil {elec, rElec rF+ SInv}
  7174 | Bailey   | Found a runed translucent gate.
  7174 | Bailey   | Found a runed translucent gate.
  7174 | Bailey   | Found a runed translucent gate.
  7210 | Bailey   | Reached skill level 1 in Hexes
  7210 | Bailey   | Gained mutation: You have hoof-like feet. [demonic
                  | ancestry]
  7210 | Bailey   | Reached XP level 10. HP: 66/75 MP: 12/19
  7391 | Bailey   | Slain by an orc warlord

Illustrated notes

Levels and vault maps discovered:
D:1:      onia_arrival_handbag, layout_basic
D:2:      layout_basic, hellmonk_ecumenical_altar_crossroads
D:3:      layout_rooms, gammafunk_ghost_mausoleum
D:4:      layout_rooms, cheibrodos_sewer_entry_sluice
D:5:      layout_basic, ashenzari_conservatory_becter,
          nicolae_overflow_crystal_walls, uniq_duvessa
D:6:      minmay_skewed_foursquare, layout_cave_pods,
          mainiacjoe_overflow_six_doors_small, serial_shops,
          nicolae_shop_window_shopping, serial_park, serial_park_gazebo
          [serial_park_minivault_5x5_5], serial_park_tiny_pond,
          serial_park_tiny_1, serial_park_tiny_2, uniq_pikel
D:7:      layout_rooms, minmay_temple_entry_overgrown,
          ebering_ghost_rock_garden, serial_shops, nicolae_shop_crystal,
          enter_bailey_2, hangedman_decor_clover_reticule
Bailey:   bailey_axe_bossmonster_kennysheep, bailey

Skill      XL: |  1  2  3  4  5  6  7  8  9 |
---------------+----------------------------+-----
Transmutations | 1 |  1.0
Air Magic      | 1 2 3 4 |  4.3
Conjurations   | 1 3 |  3.0
Poison Magic   | 4 5 6 7 8 |  8.6
Shields        | 1 3 4 |  4.0
Spellcasting   | 3 4 5 |  5.4
Short Blades   | 2 4 |  4.6
Fighting       | 2 4 |  4.8
Hexes          | 1 |  1.0
Dodging        | |  1.7
Stealth        | |  1.7

Action                     |  1- 3 |  4- 6 |  7- 9 | 10-12 || total
---------------------------+-------+-------+-------+-------++-------
  Melee: Dagger            |   109 |   210 |   137 |       ||   456
         Unarmed           |     1 |       |       |       ||     1
         Punch             |     1 |       |       |       ||     1
         Kick              |       |    56 |    67 |     1 ||   124
         Rapier            |       |       |    64 |     4 ||    68
   Cast: Sting             |    64 |    67 |   124 |     7 ||   262
         Poisonous Vapours |     1 |       |     3 |     2 ||     6
         Mephitic Cloud    |       |     2 |     4 |     1 ||     7
         Olgreb's Toxic Ra |       |       |     8 |       ||     8
         Swiftness         |       |       |     1 |     1 ||     2
 Invoke: Curse Item        |       |       |     2 |       ||     2
    Use: Scroll            |       |     7 |     5 |       ||    12
         Potion            |       |     3 |     1 |       ||     4
   Stab: Sleeping          |     4 |     3 |     3 |       ||    10
         Confused          |       |     1 |     2 |     1 ||     4
         Paralysed         |       |       |    66 |       ||    66
         Distracted        |       |       |     1 |       ||     1
 Armour: Robe              |    38 |    31 |    66 |       ||   135
         Troll leather arm |       |    85 |     2 |       ||    87
  Dodge: Dodged            |    88 |   164 |   103 |     5 ||   360
  Block: Buckler           |       |    17 |    49 |     2 ||    68

Table legend: (Time is in decaauts)
 A = Elapsed time spent in this place.
 B = Non-inter-level travel time spent in this place.
 C = Inter-level travel time spent in this place.
 D = Time resting spent in this place.
 E = Time spent auto-exploring this place.
 F = Levels seen in this place.
 G = Mean time per level.
                   A        B        C        D        E       F      G
               +--------+--------+--------+--------+--------+-----+--------+
         Total |   7451 |   7080 |    371 |    360 |   4916 |   9 |  827.9 |
       Dungeon |   6771 |   6400 |    371 |    319 |   4531 |   7 |  967.3 |
         Sewer |    246 |    246 |      0 |      0 |    172 |   1 |  246.0 |
        Bailey |    433 |    433 |      0 |     41 |    213 |   1 |  433.0 |
               +--------+--------+--------+--------+--------+-----+--------+

Top non-repeatable levels by time:
     D:6: 1848 daAuts
     D:1: 1228 daAuts
     D:5: 1038 daAuts
     D:2: 896 daAuts
     D:4: 826 daAuts
     D:3: 784 daAuts
  Bailey: 433 daAuts
   Sewer: 246 daAuts
     D:7: 147 daAuts
